 Dungeon Sprint DCSS version 0.23-a0-625-g1d2cd9b (webtiles) character file.

7 galech the Skirmisher (level 1, -1/18 HPs)
             Began as a Demonspawn Fighter on Dec 24, 2018.
             Was an Initiate of Okawaru.
             Slain by a worker ant (6 damage)
             ... in the Dungeon (Sprint VII: "The Pits").
             The game lasted 00:00:29 (118 turns).

galech the Skirmisher (Demonspawn Fighter)           Turns: 118, Time: 00:00:30

Health: -1/18      AC:  6    Str: 16    XL:     1   Next: 91%
Magic:  1/1        EV:  6    Int:  9    God:    Okawaru [......]
Gold:   0          SH:  9    Dex: 12    Spells: 0/0 levels left

rFire    . . .     SeeInvis .   l - +2 hand axe
rCold    . . .     Gourm    .   c - +0 shield
rNeg     . . .     Faith    .   b - +0 scale mail
rPois    .         Spirit   .   (no helmet)
rElec    .         Reflect  .   (no cloak)
rCorr    .         Harm     .   (no gloves)
MR       .....     NoTele   +   (no boots)
Stlth    ..........             (no amulet)
HPRegen  0.06/turn              (no ring)
MPRegen  0.07/turn              (no ring)

@: no status effects
A: no striking features
a: Renounce Religion


You were in the Dungeon.
You worshipped Okawaru.
Okawaru was noncommittal.
You were not hungry.

You visited 1 branch

Inventory:

Hand Weapons
 l - a +2 hand axe (weapon)
Armour
 b - a +0 scale mail (worn)
 c - a +0 shield (worn)
Scrolls
 k - a scroll of blinking
 m - 3 scrolls of remove curse
 n - 5 scrolls of amnesia
 o - a scroll of summoning
Potions
 a - 2 potions of invisibility
 d - a potion of might
 e - a potion of curing
 g - a potion of heal wounds
 h - a potion of haste
 i - 4 potions of magic
 j - 3 potions of berserk rage
Comestibles
 f - 9 rations
 p - 2 chunks of flesh


   Skills:
 + Level 3.5 Fighting
 + Level 2.0 Axes
 + Level 3.5 Armour
 + Level 3.2 Shields


You couldn't memorise any spells.
You didn't know any spells.
Your spell library was empty.

Dungeon Overview and Level Annotations

Branches:
Dungeon (1/1)

Altars:
Ashenzari
Cheibriados
Dithmenos
Elyvilon
Fedhas
Gozag
Hepliaklqana
Kikubaaqudgha
Makhleb
Nemelex Xobeh
Okawaru
Qazlal
Ru
Sif Muna
Trog
Uskayaw
Vehumet
Wu Jian
Xom
Yredelemnul
Zin
The Shining One
Beogh
Jiyva
Lugonu


Message History

The worker ant is lightly wounded.
You block the worker ant's attack.
You hit the worker ant.
The worker ant is heavily wounded.
The worker ant barely misses you. x2
You hit the worker ant.
The worker ant is severely wounded.
You block the worker ant's attack. The worker ant bites you.
You barely miss the worker ant.
The worker ant is heavily wounded.
The worker ant bites you.
* * * LOW HITPOINT WARNING * * *
You closely miss the worker ant.
The worker ant is heavily wounded.
The worker ant bites you but does no damage.
You block the worker ant's attack.
You barely miss the worker ant.
The worker ant is heavily wounded.
The worker ant bites you.
You die...

############
#_________.#
#_________.#
#_______...###########++
##########'##...........
#.?(.')))'.##......#..#.
##########.##...........
#......oa@.)'(..........
#+#####n#####......#..#.
#..#..# #...........
#.รท'..+ ####'#####++
##'#### #.......#
#...o....##.......#
#........##.......#
#####+#####...<...#
#.......#


You could see a necrophage, a worker ant and an orc.

Vanquished Creatures
  2 leopard geckos (D)
  A bat (D)
  A kobold (D)
  A frilled lizard (D)
5 creatures vanquished.

Notes
Turn   | Place    | Note
-------+----------+-------------------------------------------
     0 | D        | galech the Demonspawn Fighter began the quest for the Orb.
     0 | D        | Reached XP level 1. HP: 18/18 MP: 1/1
    27 | D        | Found a bloodstained altar of Trog.
    27 | D        | Found a deep blue altar of Sif Muna.
    27 | D        | Found a viscous altar of Jiyva.
    27 | D        | Found a hazy altar of Hepliaklqana.
    27 | D        | Found an opulent altar of Gozag.
    28 | D        | Found a glowing golden altar of the Shining One.
    28 | D        | Found a glowing silver altar of Zin.
    28 | D        | Found a basalt altar of Yredelemnul.
    28 | D        | Found a shimmering altar of Xom.
    28 | D        | Found an ornate altar of the Wu Jian Council.
    28 | D        | Found a sacrificial altar of Ru.
    28 | D        | Found a stormy altar of Qazlal.
    28 | D        | Found an iron altar of Okawaru.
    28 | D        | Found a sparkling altar of Nemelex Xobeh.
    28 | D        | Found a burning altar of Makhleb.
    28 | D        | Found a blossoming altar of Fedhas.
    28 | D        | Found a white marble altar of Elyvilon.
    28 | D        | Found a shadowy altar of Dithmenos.
    28 | D        | Found a snail-covered altar of Cheibriados.
    29 | D        | Found a radiant altar of Vehumet.
    29 | D        | Found a corrupted altar of Lugonu.
    29 | D        | Found a roughly hewn altar of Beogh.
    30 | D        | Found an ancient bone altar of Kikubaaqudgha.
    30 | D        | Found a hide-covered altar of Uskayaw.
    30 | D        | Found a shattered altar of Ashenzari.
    34 | D        | Became a worshipper of Warmaster Okawaru
    90 | D        | Noticed a necrophage
    91 | D        | Noticed a worker ant
   118 | D        | Slain by a worker ant

Vault maps used:
D:        pitsprint

Skill      XL: |  1 |
---------------+----+-----
Armour         | 3 |  3.5
Shields        | 3 |  3.2
Axes           | 2 |  2.0
Fighting       | |  3.5

Action                   || total
-------------------------++-------
Melee: Hand axe          ||    38
       War axe           ||     2
Armor: Scale mail        ||    23
Dodge: Dodged            ||    13
Block: Shield            ||    27

Table legend:
 A = Non-vault XP
 B = Vault XP
 C = Vault XP percentage of total XP
 D = Non-vault monster count
 E = Vault monster count
 F = Vault count percentage of total count
                 A         B        C        D         E       F
            +---------+---------+-------+---------+---------+-------
      Total |       0 |      11 | 100.0 |       0 |       5 | 100.0
            +---------+---------+-------+---------+---------+-------
          D |       0 |      11 | 100.0 |       0 |       5 | 100.0
            +---------+---------+-------+---------+---------+-------
